 Dungeon Crawl Stone Soup version 0.17.2-1-ge4368a0 (webtiles) character file.

139841 Goblin1989 the Grappler (level 16, -2/138 HPs)
             Began as a Centaur Monk on Sept 25, 2017.
             Was an Elder of Okawaru.
             Killed from afar by Aizul (19 damage)
             ... with a poison arrow
             ... on level 1 of the Snake Pit on Sept 28, 2017.
             The game lasted 03:11:55 (51919 turns).

Goblin1989 the Grappler (Centaur Monk)             Turns: 51919, Time: 03:11:55

Health: -2/138     AC: 24    Str: 17    XL:     16   Next: 74%
Magic:  23/23      EV:  9    Int: 10    God:    Okawaru [****..]
Gold:   2739       SH:  0    Dex: 13    Spells: 3 memorised, 9 levels left

rFire  + . .     SeeInvis +     a - +5 shortbow (flame)
rCold  . . .     Clarity  .     x - +5 mottled dragon armour
rNeg   . . .     SustAt   .     (shield currently unavailable)
rPois  +         Gourm    +     V - +0 helmet
rElec  .         Spirit   .     O - +0 cloak
rCorr  .         Warding  .     F - +0 pair of gloves
rMut   .         Stasis   .     t - +1 centaur barding {rF+}
MR     +....                    D - amulet of the gourmand
Stlth  ++........               o - ring of poison resistance
                                s - ring of see invisible

@: lethally poisoned (-2 -> -6), heroism, very quick, somewhat resistant to
hostile enchantments, unstealthy
A: hooves 3, thin skeletal structure 1, blurry vision 2, clumsy 1, deformed
body, speed 2, tough skin 3, weak 1
a: Heroism, Renounce Religion


You were on level 1 of the Snake Pit.
You worshipped Okawaru.
Okawaru was greatly pleased with you.
You were not hungry.

You visited 5 branches of the dungeon, and saw 29 of its levels.
You also visited: Ice Cave and Volcano.

You collected 3365 gold pieces.
You spent 626 gold pieces at shops.

Inventory:

Hand Weapons
 a - a +5 shortbow of flaming (weapon)
 g - the +0 demon blade "Ceots" {drain, MR+ MP+9 Int+4}
   (You found it in an ice cave)

   A truly terrible weapon, it drains the life of those it strikes.
   It affects your intelligence (+4).
   It affects your resistance to hostile enchantments.
   It affects your magic capacity (+9).
 H - a +3 longbow of flaming
 X - a +2 short sword of venom
Missiles
 d - 51 arrows (quivered)
 q - 25 poisoned arrows
 E - 10 arrows of frost
 S - 14 arrows of dispersal
Armour
 k - a +2 robe of fire resistance
 t - a +1 centaur barding of fire resistance (worn)
 x - a +5 mottled dragon armour (worn)
 F - a +0 pair of gloves (worn)
 J - a +2 shield of reflection
 O - a +0 cloak (worn)
 V - a +0 helmet (worn)
Jewellery
 j - an amulet of resist mutation
 o - a ring of poison resistance (right hand)
 s - a ring of see invisible (left hand)
 D - an amulet of the gourmand (around neck)
 I - a ring of sustain attributes
Wands
 n - a wand of digging (12)
 w - a wand of disintegration (0)
 z - a wand of digging (5)
Scrolls
 f - a scroll of summoning
 p - 2 scrolls of holy word
 r - 9 scrolls of remove curse {@r2}
 v - 6 scrolls of fear
 B - 2 scrolls of blinking
 C - 2 scrolls of immolation
 M - 9 scrolls of magic mapping
 T - 10 scrolls of teleportation {@r3, !r}
 W - 3 scrolls of fog
 Y - a scroll of recharging
Potions
 c - 4 potions of curing {@q1}
 h - 2 potions of ambrosia
 m - 5 potions of agility
 u - 2 potions of berserk rage
 y - 2 potions of invisibility
 A - 2 potions of might
 L - 5 potions of flight
 P - a potion of magic
 Q - a potion of heal wounds {@q2, !q}
 Z - 3 potions of resistance
Comestibles
 b - 19 royal jellies
 e - 17 bread rations {@e1}
 i - 8 beef jerkies
 l - 28 fruits
 N - 2 slices of pizza
 U - 9 meat rations {@e2}


   Skills:
 + Level 11.6(16.6) Fighting
 - Level 14.0(19.0) Bows
 - Level 5.0(10.0) Armour
 + Level 8.9(13.9) Dodging
 - Level 1.2(6.2) Stealth
 * Level 1.2(6.2) Shields
 + Level 14.5(19.5) Unarmed Combat
 + Level 5.0 Spellcasting
 * Level 10.7 Transmutations
 * Level 10.7 Earth Magic
 - Level 7.0 Invocations


You had 9 spell levels left.
You knew the following spells:

 Your Spells              Type           Power        Failure   Level  Hunger
a - Irradiate             Conj/Trmt      ##........   86%         5    ######.
A - Aura of Abjuration    Summ           #.........   100%        5    ######.
Y - Statue Form           Trmt/Erth      ###......    56%         6    #######


Dungeon Overview and Level Annotations

Branches:
Dungeon (15/15)            Temple (1/1) D:6            Lair (8/8) D:9
 Shoals (0/4) Lair:3        Snake (1/4) Lair:5        Slime (0/6) Lair:8
    Orc (4/4) D:11            Elf (0/3) Orc:3        Vaults (0/5) D:14
 Depths (0/5) D:15

Altars:
Ashenzari
Cheibriados
Dithmenos
Elyvilon
Fedhas
Gozag
Kikubaaqudgha
Makhleb
Nemelex Xobeh
Okawaru
Qazlal
Ru
Sif Muna
Trog
Vehumet
Xom
Yredelemnul
Zin
The Shining One
Beogh

Shops:
D:10 *   Orc:4 (?*[   Snake:1 ?

Annotations:
D:4 exclusion: door
Lair:5 exclusion: 2 oklob plants
Lair:8 exclusion: 2 oklob plants
Snake:1 Aizul


Innate Abilities, Weirdness & Mutations

You have hooves in place of feet.
Armour fits poorly on your strangely shaped body.
You cover ground very quickly.
You have extremely tough skin (AC +3).
You have a somewhat thin skeletal structure (Dex +2, Stealth).
Scrolls take you longer to read.
You are clumsy. (Dex -2)
You are weak. (Str -2)


Message History

You are too injured to fight recklessly!
You are too injured to fight recklessly!
You are too injured to fight recklessly!
You are too injured to fight recklessly!
You are too injured to fight recklessly!
Firing (i - inventory. (,) - cycle):
d - 54 arrows (quivered)
Press: ? - help, Shift-Dir - straight line, f/p - Aizul
Aim: Aizul (heavily wounded)
You shoot an arrow.
The arrow hits Aizul but does no damage.
Aizul is heavily wounded.
You feel sick. Aizul hits you!
You take 11 damage, and have 71/138 hp.
Firing (i - inventory. (,) - cycle):
d - 53 arrows (quivered)
Press: ? - help, Shift-Dir - straight line, f/p - Aizul
Aim: Aizul (heavily wounded)
You shoot an arrow. The arrow hits Aizul.
The arrow burns Aizul.
Aizul is heavily wounded.
You feel sick. Aizul hits you.
You take 4 damage, and have 67/138 hp.
Firing (i - inventory. (,) - cycle):
d - 52 arrows (quivered)
Press: ? - help, Shift-Dir - straight line, f/p - Aizul
Aim: Aizul (heavily wounded)
You shoot an arrow. The arrow hits Aizul.
The arrow burns Aizul.
Aizul is severely wounded.
You feel sick. Aizul casts a spell at you.
You fall asleep.
You feel sick. Aizul closely misses you.
You feel sick. Aizul hits you!!
You wake up.
* * * LOW HITPOINT WARNING * * *
Aizul casts a spell at you. The bolt of poison hits you! You resist.
* * * LOW HITPOINT WARNING * * *
You take 38 damage, and have 29/138 hp.
O_OOPS!!
MASSIVE DAMAGE!!
Drink which item? (? for menu, Esc to quit)
Really quaff
Q - 2 potions of heal wounds {@q2, !q}?
You feel much better.
You feel sick.
Aizul coils himself and waves his upper body at you.
The bolt of poison hits you! You resist.
* * * LOW HITPOINT WARNING * * *
You regained 16 hp, and now have 45/138 hp.
Drink which item? (? for menu, Esc to quit)
You feel better.
Aizul coils himself and waves his upper body at you.
The bolt of poison hits you!
You are poisoned.
You resist.
* * * LOW HITPOINT WARNING * * *
Aizul hits you.
* * * LOW HITPOINT WARNING * * *
You feel sick.
Aizul coils himself and waves his upper body at you.
The bolt of poison hits you! You resist.
* * * LOW HITPOINT WARNING * * *
You take 2 damage, and have 44/138 hp.
You feel sick. Aizul casts a spell at you.
You fall asleep.
You feel sick. x2
Aizul closely misses you.
You feel sick.
Aizul coils himself and waves his upper body at you.
The bolt of poison hits you! You resist.
You wake up.
* * * LOW HITPOINT WARNING * * *
Aizul hits you!
* * * LOW HITPOINT WARNING * * *
You take 14 damage, and have 30/138 hp.
You feel sick.
You take 1 damage, and have 29/138 hp.
Aizul coils himself and waves his upper body at you.
The bolt of poison hits you!
You are more poisoned.
You resist.
* * * LOW HITPOINT WARNING * * *
You take 10 damage, and have 19/138 hp.
* * * LOW HITPOINT WARNING * * *
You feel sick.
Aizul coils himself and waves his upper body at you.
The poison arrow hits you!
You are lethally poisoned!
You partially resist.
* * * LOW HITPOINT WARNING * * *
You take 13 damage, and have 6/138 hp.
Drink which item? (? for menu, Esc to quit)
Okay, then.
* * * LOW HITPOINT WARNING * * *
You feel sick.
You take 1 damage, and have 5/138 hp.
Drink which item? (? for menu, Esc to quit)
You feel better.
You regained 10 hp, and now have 15/138 hp.
Aizul casts a spell at you. The poison arrow misses you.
There is a staircase back to the Lair, spattered with blood here.
Aizul coils himself and waves his upper body at you.
The poison arrow hits you!
You are poisoned.
You partially resist.
You die... █████████████ ██...█.......█ ██........^.... ██.............. ██....███████████ ██..[.██ ██@...██ ███████

██..█.██ ██..█..█
██....██ ██......██
██..█...███........█
██....█..S█....██████
██....███..)..^██
██....██ ███...██


███████ ██....██ ██....██ ██...(.. ██....██ ██....██ ██.█..... You could see
Aizul.

Vanquished Creatures
  Rupert (Orc:4)
  Kirke (Lair:5)
  Donald (Orc:3)
  An orc warlord (Orc:3)
  The ghost of Rhok the Spear-Bearer, a journeyman MiFi of Makhleb (Lair:7)
  Nessos (Lair:5)
  2 salamander stormcallers (D:14)
  Azrael (D:14)
  The ghost of Rhok the Severer, a journeyman MiFi of Okawaru (Lair:3)
  Josephine (Orc:4)
  Fannar (Lair:3)
  The ghost of tidbits the Martial Artist, a journeyman DgTm (D:14)
  Harold (D:12)
  6 hydras
  The ghost of Goblin1989 the Martial Artist, a journeyman DsAs of Gozag (Orc:2)
  A naga warrior (Snake:1)
  4 catoblepae
  An anaconda (Lair:5)
  2 dancing weapons
  19 death yaks
  5 orc high priests
  A naga sharpshooter (Snake:1)
  Sonja (D:10)
  A fire crab (Lair:8)
  5 ice devils (IceCv)
  9 skeletal warriors
  2 unseen horrors
  2 golden dragon zombies (D:15)
  A naga ritualist (Snake:1)
  3 orc knights
  8 hill giants
  A phantasmal warrior (D:15)
  A lindwurm (Lair:7)
  2 swamp dragons (shapeshifter) (D:14)
  Pikel (D:6)
  13 ugly things
  A mana viper (Lair:4)
  An orb spider (shapeshifter) (D:15)
  A lindwurm (shapeshifter) (D:13)
  A wolf spider zombie (D:14)
  2 griffons
  A necromancer (D:15)
  A wolf spider (D:15)
  2 manticores (D:12)
  A salamander (Snake:1)
  A siren (Lair:3)
  An orc sorcerer (Orc:4)
  5 cyclopes
  17 elephants
  12 black mambas
  2 ice statues (IceCv)
  Psyche (D:9)
  A gargoyle (D:14)
  A guardian serpent (Snake:1)
  A naga mage (Snake:1)
  A torpor snail (Lair:8)
  10 spiny frogs
  7 komodo dragons
  2 fire drakes
  A yaktaur (D:15)
  A queen bee (Lair:6)
  5 trolls
  A jumping spider (D:14)
  7 blue devils (IceCv)
  A freezing wraith (D:14)
  A two-headed ogre (Orc:4)
  A tengu conjurer (D:14)
  Grinder (D:5)
  34 blink frogs
  9 slime creatures
  A spriggan (D:7)
  A boulder beetle (Lair:7)
  4 redbacks (D:14)
  2 flying skulls (Volcano)
  6 wyverns
  6 wraiths
  6 deep elf magi
  An ice dragon skeleton (D:15)
  2 vampires
  A trapdoor spider (D:14)
  3 fire elementals
  7 basilisks
  13 vampire mosquitoes
  3 shadows
  3 hogs (Lair:5)
  3 mottled dragons
  48 yaks
  3 hungry ghosts
  3 swamp worms (Lair:3)
  3 wargs
  6 hippogriffs
  2 soldier ants
  12 wolves
  11 water moccasins
  3 nagas (Snake:1)
  Duvessa (D:4)
  5 sky beasts
  A slave (D:6)
  11 porcupines
  2 eyes of draining
  4 black bears
  12 ice beasts
  27 orc warriors
  16 ogres
  4 wasps
  4 hell hounds (D:15)
  3 phantoms
  11 centaurs
  3 necrophages
  16 crocodiles
  20 giant frogs
  4 brain worms (Lair:3)
  A gnoll sergeant (D:8)
  Dowan (D:4)
  3 scorpions
  41 killer bees
  6 electric eels
  24 wights
  4 crimson imps
  2 giant frog zombies
  6 jellies
  9 giant frog skeletons
  3 centaur skeletons
  3 centaur zombies
  34 orc priests
  A wyvern simulacrum (D:8)
  4 hounds
  14 worker ants
  28 orc wizards
  8 iguanas
  A killer bee zombie (D:8)
  2 giant frog simulacra (D:8)
  22 sheep
  2 hound skeletons
  2 hound zombies (D:6)
  2 mummies (Volcano)
  7 gnolls
  14 adders
  56 river rats
  4 shadow imps
  8 white imps
  7 ufetubi
  An ooze (D:2)
  An adder skeleton (D:6)
  16 worms
  9 giant geckos
  179 orcs
  6 giant cockroaches
  15 goblins
  16 hobgoblins
  8 jackals
  4 quokkas
  A ball python (D:4)
  8 bats
  A giant gecko skeleton (D:6)
  7 giant newts
  11 kobolds
  7 rats
  4 fungi
  7 plants
1156 creatures vanquished.

Vanquished Creatures (others)
  A storm dragon zombie (D:15)
  A human (Lair:6)
  A crimson imp (D:6)
  A hound zombie (D:6)
  3 white imps (IceCv)
  2 ufetubi (IceCv)
  A bush (Lair:8)
  37 fungi
  48 plants
  14 toadstools
109 creatures vanquished.

Grand Total: 1265 creatures vanquished

Notes
Turn   | Place    | Note
--------------------------------------------------------------
     0 | D:1      | Goblin1989 the Centaur Monk began the quest for the Orb.
     0 | D:1      | Reached XP level 1. HP: 19/19 MP: 1/1
   305 | D:1      | Reached XP level 2. HP: 24/26 MP: 2/2
   601 | D:1      | Reached skill level 5 in Unarmed Combat
   601 | D:1      | Reached XP level 3. HP: 31/31 MP: 3/3
  1186 | D:2      | Found a shimmering altar of Xom.
  1426 | D:2      | Reached XP level 4. HP: 34/38 MP: 4/4
  1484 | D:2      | Found a glowing golden altar of the Shining One.
  1745 | D:2      | Found a deep blue altar of Sif Muna.
  2062 | D:3      | Found an ancient bone altar of Kikubaaqudgha.
  2085 | D:3      | Reached skill level 6 in Unarmed Combat
  2476 | D:4      | Reached XP level 5. HP: 36/45 MP: 5/5
  2494 | D:4      | Noticed an ogre
  2527 | D:4      | Killed an ogre
  2527 | D:4      | Reached skill level 7 in Unarmed Combat
  2776 | D:4      | Noticed a centaur
  2777 | D:4      | Noticed a phantom
  2784 | D:4      | Killed a centaur
  2784 | D:4      | Reached XP level 6. HP: 17/51 MP: 6/6
  3035 | D:4      | Reached skill level 1 in Bows
  3459 | D:4      | Noticed an ogre
  3480 | D:4      | Killed an ogre
  3634 | D:4      | Noticed Dowan
  3637 | D:4      | Noticed Duvessa
  3653 | D:4      | Killed Duvessa
  3653 | D:4      | Reached skill level 5 in Bows
  3653 | D:4      | Reached XP level 7. HP: 24/57 MP: 7/7
  3656 | D:4      | Killed Dowan
  3871 | D:4      | Found a glowing silver altar of Zin.
  4030 | D:4      | Found a stormy altar of Qazlal.
  4059 | D:4      | Found a basalt altar of Yredelemnul.
  4148 | D:5      | Entered Level 5 of the Dungeon
  4629 | D:5      | Noticed Grinder
  4640 | D:5      | Killed Grinder
  4640 | D:5      | Reached XP level 8. HP: 25/63 MP: 8/8
  5308 | D:6      | Reached skill level 1 in Armour
  5390 | D:6      | Reached skill level 8 in Unarmed Combat
  5675 | D:6      | Found a staircase to the Ecumenical Temple.
  5736 | Temple   | Entered the Ecumenical Temple
  5744 | Temple   | Became a worshipper of Warmaster Okawaru
  5744 | Temple   | Reached * piety under Okawaru
  5744 | Temple   | Reached ** piety under Okawaru
  5788 | D:6      | Noticed Pikel
  5823 | D:6      | Killed Pikel
  6591 | D:7      | Reached *** piety under Okawaru
  6591 | D:7      | Reached skill level 9 in Unarmed Combat
  6635 | D:7      | Reached XP level 9. HP: 49/72 MP: 9/9
  6684 | D:7      | Noticed a cyan ugly thing
  6696 | D:7      | Killed a cyan ugly thing
  6696 | D:7      | Received a gift from Okawaru
  6696 | D:7      | Reached skill level 5 in Fighting
  6993 | D:7      | Got a smoking dagger
  6994 | D:7      | Identified the cursed +1 dagger of the Many Demons {pierce, *Rage rF+ Str+7 Dex+2} (You found it on level 7 of the Dungeon)
  7034 | D:7      | Found a blossoming altar of Fedhas.
  7559 | D:8      | Found a shadowy altar of Dithmenos.
  7941 | D:8      | Reached **** piety under Okawaru
  7941 | D:8      | Reached skill level 10 in Unarmed Combat
  8594 | D:8      | Reached XP level 10. HP: 83/83 MP: 7/10
  9163 | D:8      | Reached skill level 1 in Invocations
  9482 | D:9      | Noticed Psyche
  9489 | D:9      | Found a staircase to the Lair.
  9879 | D:9      | Found a white marble altar of Elyvilon.
  9879 | D:9      | Found a sacrificial altar of Ru.
 10104 | D:10     | Entered Level 10 of the Dungeon
 10135 | D:10     | Received a gift from Okawaru
 10277 | D:10     | Reached skill level 10 in Bows
 10383 | D:10     | Noticed Sonja
 10394 | D:10     | Killed Sonja
 10535 | D:10     | Noticed a hill giant
 10562 | D:10     | Killed a hill giant
 10562 | D:10     | Received a gift from Okawaru
 10562 | D:10     | Reached skill level 11 in Unarmed Combat
 10614 | D:10     | Reached skill level 5 in Dodging
 10614 | D:10     | Reached XP level 11. HP: 69/91 MP: 13/13
 10655 | D:10     | Found Fuschopteo's Assorted Antiques.
 10662 | D:10     | Bought a long gold wand for 92 gold pieces
 10662 | D:10     | Bought a crooked copper wand for 92 gold pieces
 10662 | D:10     | Bought a scroll labeled QYECUSUODI for 23 gold pieces
 10662 | D:10     | Bought a scroll labeled QYECUSUODI for 23 gold pieces
 10662 | D:10     | Bought a scroll labeled QYECUSUODI for 23 gold pieces
 10690 | D:10     | Noticed a hill giant
 10734 | D:10     | Killed a hill giant
 10734 | D:10     | Reached ***** piety under Okawaru
 10847 | D:10     | Noticed an orc knight
 10847 | D:10     | Noticed a hill giant
 10847 | D:10     | Noticed a skeletal warrior
 10905 | D:10     | Received a gift from Okawaru
 10916 | D:10     | Killed a hill giant
 11156 | D:10     | Noticed a hill giant
 11174 | D:10     | Received a gift from Okawaru
 11222 | D:10     | Killed a skeletal warrior
 11267 | D:10     | Killed a hill giant
 11351 | D:10     | Killed an orc knight
 12163 | D:11     | Noticed a hill giant
 12180 | D:11     | Received a gift from Okawaru
 12212 | D:10     | Killed a hill giant
 12247 | D:11     | Reached skill level 5 in Invocations
 12511 | D:11     | Received a gift from Okawaru
 12511 | D:11     | Reached skill level 5 in Armour
 12523 | D:11     | p0werm0de: grappler!!
 12523 | D:11     | p0werm0de: perv as usual
 12523 | D:11     | p0werm0de: i know ya m8
 12526 | D:11     | Reached skill level 12 in Unarmed Combat
 12532 | D:11     | Got an ebony longbow {god gift}
 12533 | D:11     | Identified the +2 longbow "Luthy" {velocity, Int+3} (Okawaru gifted it to you on level 11 of the Dungeon)
 12543 | D:11     | Goblin1989: hi p0 :)
 12731 | D:11     | Found a staircase to the Orcish Mines.
 12734 | D:11     | Goblin1989: wow!!!
 12734 | D:11     | p0werm0de: ;D
 12734 | D:11     | p0werm0de: *jealous
 12734 | D:11     | Goblin1989: statue form!!!
 12734 | D:11     | p0werm0de: but 12k turns alrdy
 12734 | D:11     | Goblin1989: :D
 12734 | D:11     | p0werm0de: :>
 12734 | D:11     | p0werm0de: ye
 12734 | D:11     | p0werm0de: unarmed centaur is good
 12755 | D:11     | p0werm0de: shield cheap and op
 12755 | D:11     | p0werm0de: large shield!
 12755 | D:11     | p0werm0de: 15 skill, huge STR
 12755 | D:11     | Goblin1989: no
 12755 | D:11     | p0werm0de: hooves 3
 12755 | D:11     | p0werm0de: ROKK IT
 12755 | D:11     | p0werm0de: http://crawl.akrasiac.org/scoring/players/rhok.html
 12755 | D:11     | p0werm0de: https://www.youtube.com/watch?v=hkUBDZchFCw
 12755 | D:11     | p0werm0de: wrong
 12755 | D:11     | p0werm0de: ;D
 12755 | D:11     | p0werm0de: gogogo statue
 12755 | D:11     | p0werm0de: just need wiz ring
 12755 | D:11     | p0werm0de: throw bow in lavaa
 12755 | D:11     | p0werm0de: is annoying to pickup arrows anyway
 12755 | D:11     | Goblin1989: I have other plans for this centaur :)
 12833 | D:11     | p0werm0de: so dragon form??
 12849 | D:11     | p0werm0de: 500 hp easy
 12849 | D:11     | p0werm0de: ;D
 12849 | D:11     | Goblin1989: bow + Blade Hands
 12925 | D:11     | p0werm0de: ah ok
 13078 | D:11     | p0werm0de: gl!!
 13577 | D:12     | Reached XP level 12. HP: 91/101 MP: 16/16
 13590 | D:12     | Found a frozen archway.
 13691 | IceCv    | Entered an ice cave
 16255 | IceCv    | Received a gift from Okawaru
 17108 | IceCv    | Received a gift from Okawaru
 17405 | IceCv    | Got an ichor-stained demon blade
 17406 | IceCv    | Identified the cursed +0 demon blade "Ceots" {drain, MR+ MP+9 Int+4} (You found it in an ice cave)
 17670 | D:12     | Received a gift from Okawaru
 17883 | D:12     | Learned a level 6 spell: Statue Form
 17919 | D:12     | Learned a level 5 spell: Irradiate
 18048 | D:12     | Reached skill level 13 in Unarmed Combat
 18229 | D:12     | Noticed Harold
 18580 | D:12     | Killed an unseen horror
 18580 | D:12     | Received a gift from Okawaru
 18606 | D:12     | Killed Harold
 18606 | D:12     | Reached skill level 1 in Transmutations
 18606 | D:12     | Reached skill level 1 in Earth Magic
 18948 | D:12     | Received a gift from Okawaru
 19553 | Lair:1   | Entered Level 1 of the Lair of Beasts
 19614 | Lair:1   | Reached XP level 13. HP: 94/108 MP: 18/18
 19734 | Lair:1   | Reached skill level 1 in Spellcasting
 20748 | Lair:2   | Received a gift from Okawaru
 22398 | Lair:3   | Noticed Fannar
 22518 | Lair:3   | Killed Fannar
 22621 | Lair:3   | Reached skill level 14 in Bows
 22677 | Lair:3   | Received a gift from Okawaru
 22684 | Lair:3   | Learned a level 5 spell: Aura of Abjuration
 22886 | Lair:3   | Noticed Rhok's ghost (journeyman MiFi)
 22997 | Lair:3   | Killed Rhok's ghost
 22997 | Lair:3   | Received a gift from Okawaru
 23742 | Lair:3   | Found a staircase to the Shoals.
 23982 | Lair:4   | Reached skill level 5 in Transmutations
 23982 | Lair:4   | Reached skill level 5 in Earth Magic
 24389 | Lair:4   | Received a gift from Okawaru
 25405 | Lair:4   | Reached XP level 14. HP: 118/118 MP: 17/19
 26181 | Lair:5   | Noticed Nessos
 26203 | Lair:5   | Killed Nessos
 26231 | Lair:5   | Noticed Kirke
 26448 | Lair:5   | Killed Kirke
 26835 | Lair:5   | Found a staircase to the Snake Pit.
 27017 | Lair:5   | Got a distressingly furry scale mail
 28241 | Lair:6   | Received a gift from Okawaru
 28504 | Lair:6   | Identified the +4 scale mail of the Slug {MR+ Dex+3} (You found it on level 5 of the Lair of Beasts)
 29142 | Lair:7   | Noticed Rhok's ghost (journeyman MiFi)
 29178 | Lair:7   | Found a dark tunnel.
 29187 | Volcano  | Entered a volcano
 29974 | Lair:7   | Reached skill level 10 in Fighting
 30143 | Lair:7   | Received a gift from Okawaru
 30729 | Lair:7   | Killed Rhok's ghost
 31106 | Lair:8   | Entered Level 8 of the Lair of Beasts
 31306 | Lair:8   | Received a gift from Okawaru
 32126 | Lair:8   | Found a staircase to the Slime Pits.
 32150 | Lair:8   | Received a gift from Okawaru
 32320 | Lair:8   | Reached XP level 15. HP: 46/127 MP: 20/20
 33332 | Lair:8   | Received a gift from Okawaru
 35879 | D:9      | Killed Psyche
 35979 | Orc:1    | Entered Level 1 of the Orcish Mines
 36171 | Orc:2    | Noticed Goblin1989's ghost (journeyman DsAs)
 36201 | Orc:2    | Killed Goblin1989's ghost
 37673 | Orc:2    | Found a roughly hewn altar of Beogh.
 40345 | Orc:3    | Found a staircase to the Elven Halls.
 40708 | Orc:4    | Entered Level 4 of the Orcish Mines
 41123 | Orc:4    | Found a roughly hewn altar of Beogh.
 41245 | Orc:4    | Noticed Rupert
 41247 | Orc:4    | Noticed Donald
 41291 | Orc:3    | Killed Donald
 41485 | Orc:4    | Killed Rupert
 41615 | Orc:4    | Noticed Josephine
 41622 | Orc:4    | Killed Josephine
 41956 | Orc:4    | Received a gift from Okawaru
 42691 | Orc:4    | Found Nayfo's General Store.
 42691 | Orc:4    | Found Wemuiqur's Weapon Emporium.
 42691 | Orc:4    | Found Raotod's Magic Scroll Emporium.
 42959 | Orc:4    | Found Plog's Antique Armour Shoppe.
 43141 | Orc:4    | Received a gift from Okawaru
 43168 | Orc:4    | Bought 19 arrows of flame for 133 gold pieces
 44434 | D:13     | Reached XP level 16. HP: 109/137 MP: 22/22
 44510 | D:13     | Found a basalt altar of Yredelemnul.
 45374 | D:13     | Received a gift from Okawaru
 45586 | D:13     | Gained mutation: You tend to lose your temper in combat. [mutagenic meat]
 45587 | D:13     | Gained mutation: Your natural rate of healing is unusually fast. [mutagenic meat]
 45588 | D:13     | Gained mutation: You are weak. (Str -2) [mutagenic meat]
 45589 | D:13     | Gained mutation: Scrolls take you a little longer to read. [mutagenic meat]
 45928 | D:13     | Reached skill level 10 in Transmutations
 45961 | D:14     | Noticed tidbits's ghost (journeyman DgTm)
 45977 | D:14     | Killed tidbits's ghost
 46008 | D:14     | Received a gift from Okawaru
 46018 | D:14     | Gained mutation: You are frail (-10% HP). [mutagenic meat]
 46019 | D:14     | Gained mutation: You have a somewhat thin skeletal structure (Dex +2, Stealth). [mutagenic meat]
 46020 | D:14     | Gained mutation: Your spells are a little easier to cast, but a little less powerful. [mutagenic meat]
 46021 | D:14     | Lost mutation: You tend to lose your temper in combat. [mutagenic meat]
 46024 | D:14     | Gained mutation: Your body sometimes deteriorates upon taking damage. [mutagenic meat]
 46025 | D:14     | Lost mutation: You are frail (-10% HP). [mutagenic meat]
 46026 | D:14     | Lost mutation: Your spells are a little easier to cast, but a little less powerful. [mutagenic meat]
 46056 | D:14     | Reached skill level 10 in Earth Magic
 46468 | D:14     | Found a gate to the Vaults.
 46799 | D:15     | Entered Level 15 of the Dungeon
 46838 | D:15     | Gained mutation: Scrolls take you longer to read. [mutagenic meat]
 46839 | D:15     | Gained mutation: You are partially covered in large bone plates (AC +2, SH +2). [mutagenic meat]
 46874 | D:15     | Found a radiant altar of Vehumet.
 46893 | D:15     | Got a transparent ruby amulet
 47207 | D:15     | Received a gift from Okawaru
 47235 | D:15     | Gained mutation: You tend to lose your temper in combat. [mutagenic meat]
 47236 | D:15     | Lost mutation: Your natural rate of healing is unusually fast. [mutagenic meat]
 47237 | D:15     | Gained mutation: You are clumsy. (Dex -2) [mutagenic meat]
 47243 | D:15     | Identified the amulet "Hiwn" {Stasis Str-4 Slay+2 Stlth+} (You found it on level 15 of the Dungeon)
 47281 | D:15     | Noticed Azrael
 47636 | D:15     | Found a staircase to the Depths.
 48033 | D:15     | Lost mutation: You tend to lose your temper in combat. [potion of cure mutation]
 48033 | D:15     | Lost mutation: You are partially covered in large bone plates (AC +2, SH +2). [potion of cure mutation]
 48033 | D:15     | Lost mutation: Your body sometimes deteriorates upon taking damage. [potion of cure mutation]
 48116 | D:14     | Killed Azrael
 48116 | D:14     | Received a gift from Okawaru
 49710 | Snake:1  | Entered Level 1 of the Snake Pit
 50463 | Lair:5   | Received a gift from Okawaru
 50463 | Lair:5   | Reached skill level 5 in Spellcasting
 51132 | Snake:1  | Found Buler's Magic Scroll Boutique.
 51166 | Snake:1  | Reached skill level 1 in Shields
 51185 | Snake:1  | Bought a scroll of blinking for 120 gold pieces
 51185 | Snake:1  | Bought a scroll of enchant armour for 120 gold pieces
 51370 | Snake:1  | Noticed Aizul
 51908 | Snake:1  | HP: 6/138 [Aizul/poison arrow (12)]
 51919 | Snake:1  | Killed from afar by Aizul

Action                   |  1- 3 |  4- 6 |  7- 9 | 10-12 | 13-15 | 16-18 || total
-------------------------+-------+-------+-------+-------+-------+-------++-------
Melee: Unarmed           |   133 |   169 |   257 |   288 |  1081 |   682 ||  2610
 Fire: Hunting sling     |       |     9 |       |       |       |       ||     9
       Shortbow          |       |    19 |    83 |  1029 |  2480 |   234 ||  3845
       Longbow           |       |       |       |       |    18 |       ||    18
 Cast: Statue Form       |       |       |       |       |     3 |     1 ||     4
Invok: Heroism           |       |       |     4 |    20 |    31 |    16 ||    71
       Finesse           |       |       |       |     1 |    11 |       ||    12
Evoke: Wand              |       |       |       |     1 |     8 |     2 ||    11
  Use: Scroll            |       |     1 |     1 |    30 |    12 |     5 ||    49
       Potion            |       |       |       |       |    13 |     8 ||    21
 Stab: Paralysed         |       |       |       |       |     1 |       ||     1
       Sleeping          |       |       |       |       |       |     1 ||     1
  Eat: Chunk             |       |     5 |    24 |    26 |    69 |    47 ||   171
       Meat ration       |       |       |       |     1 |       |       ||     1

Vault maps used:
D:1:      ldierk_walled_garden_2
D:2:      kennysheep_the_goblin_king, lemuel_blue_sif_altar, lemuel_round_altar,
          tso_oasis_becter, hangedman_abyss_or_decor_lesser_grid
D:3:      nicolae_overflow_crystal_walls, first_bread
D:4:      lemuel_crystal_altar, yredelemnul_forgotten_temple_becter,
          nicolae_overflow_hidden_temple, uniq_duvessa
D:5:      uniq_grinder
D:6:      minmay_temple_entry_junction, serial_undead, serial_undead_a,
          serial_undead_c, serial_undead_c, serial_undead_c,
          mrwooster_statue_mirror, uniq_pikel
D:7:      wad_guarded_room, fedhas_altar_1, the_bakery
D:8:      grunt_dithmenos_smoke, serial_ice, serial_ice_d, serial_ice_o,
          serial_ice_k, serial_ice_e, minmay_misc_feat_more_columns,
          nicolae_lava_and_water, kennysheep_generic_room_3
D:9:      gammafunk_temple_overflow_elements, dpeg_oklobed_lair, uniq_psyche
D:10:     serial_shops, nicolae_shop_trees, grunt_ministairs_1, minivault_12,
          uniq_sonja
D:11:     orc_0_dummy, st_stairs_1, kennysheep_generic_room_12
D:12:     portal_ice_cave_entry_ice_beasts, kennysheep_small_circle, uniq_harold
D:13:     kennysheep_flooded_box
D:14:     erik_vaults_1, minmay_misc_feat_tower
D:15:     gammafunk_depths_entry_grave, minmay_misc_feat_alley, basic_altar,
          uniq_azrael
Temple:   nicolae_temple_no_exploring_needed
Lair:2:   grunt_megastairs_3, serial_bayou_shore_b
Lair:3:   minmay_shoals_entry_lonely_mermaid, worms_lemuel,
          infiniplex_staircase_pool_2, lemuel_fruit_fields, uniq_fannar
Lair:4:   grunt_megastairs_2
Lair:5:   gammafunk_lair_enchanted_lake, dummy_snake_entry, dpeg_oklob_1,
          grunt_megastairs_4, uniq_nessos, uniq_kirke
Lair:6:   special_room
Lair:7:   nicolae_volcano_entry_vermiform, serial_forest,
          infiniplex_forest_lined_room_3, infiniplex_forest_clump_curved,
          infiniplex_forest_straight_2, infiniplex_forest_clump_medium,
          infiniplex_forest_clump_curved, infiniplex_forest_lined_4_way,
          infiniplex_forest_straight_4, nicolae_quartered_pool_little,
          st_stairs_7
Lair:8:   evilmike_catoblepas_cave, minmay_slime_entry_oklob_open, st_stairs_7,
          nicolae_quartered_pool_medium, lemuel_fruit_tree
Snake:1:  serial_shops, shop, uniq_aizul
Orc:1:    cheibrodos_orc_bank, lightli_orcish_oven
Orc:2:    basic_altar
Orc:3:    nicolae_orc_pool_cavern
Orc:4:    st_orc_mages, mines1_david, uniq_rupert, uniq_josephine, uniq_donald
IceCv:    ice_cave_small_demon
Volcano:  volcano_tomb
